 Dungeon Crawl Stone Soup version 0.31-a0-626-g8143ab4f1d (webtiles) character file.

Game seed: 680789827699904135

55 IdlyInterested the Chopper (level 3, 0/27 HPs)
             Began as a Demonspawn Gladiator on Aug 24, 2023.
             Killed from afar by Sigmund (9 damage)
             ... with a puff of flame
             ... on level 2 of the Dungeon.
             The game lasted 00:03:18 (1178 turns).

IdlyInterested the Chopper (Demonspawn Gladiator)   Turns: 1178, Time: 00:03:19

Health: 0/27       AC:  8    Str: 16    XL:     3   Next: 67%
Magic:  3/3        EV: 10    Int:  9    God:
Gold:   36         SH:  0    Dex: 14    Spells: 2/2 levels left

rFire   . . .        a - +0 war axe
rCold   . . .        (no shield)
rNeg    . . .        o - +0 scale mail
rPois   .            c - +0 helmet
rElec   .            (no cloak)
rCorr   .            (no gloves)
SInv    .            q - +0 pair of boots
Will    .....        (no amulet) Stlth
                     (no ring)
HPRegen 0.24/turn    (no ring)
MPRegen 0.08/turn

%: no passive effects
@: no status effects
A: demonic touch 1
a: no special abilities


You were on level 2 of the Dungeon.
You visited 1 branch of the dungeon, and saw 2 of its levels.

You collected 36 gold pieces.

Inventory:

Hand Weapons
 a - a +0 war axe (weapon)
 i - a +4 short sword of electrocution
Missiles
 b - a curare-tipped dart
 d - 3 throwing nets
 e - a javelin
Armour
 c - a +0 helmet (worn)
 o - a +0 scale mail (worn)
 q - a +0 pair of boots (worn)
Scrolls
 g - a scroll of identify {unknown}
 j - a scroll of vulnerability {unknown}
 k - a scroll of fear {unknown}
 n - a scroll of amnesia {unknown}
 p - a scroll of teleportation {unknown}
Potions
 f - a potion of mutation {unknown}
 h - a potion of enlightenment {unknown}
 l - a potion of brilliance {unknown}
 m - a potion of degeneration {unknown}


   Skills:
 - Level 2.0 Fighting
 + Level 3.3 Axes
 - Level 1.7 Throwing
 - Level 1.0 Armour
 - Level 2.6 Dodging
 - Level 1.0 Stealth
 * Level 1.7 Unarmed Combat


You had 2 spell levels left.
You didn't know any spells.
Your spell library contained the following spells:

 Spells                   Type           Power      Damage    Failure   Level
 Wereblood                Tmut           0%         N/A       92%         2
 Irradiate                Conj/Tmut      0%         3d11      100%        5


Dungeon Overview and Level Annotations

Branches:
Dungeon (2/15)

Altars:

Annotations:
D:2 Sigmund


Innate Abilities, Weirdness & Mutations

Your touch may inflict minor irresistible damage on your foes.


Message History

You start waiting.
Done waiting.
Things that are here:
a +4 short sword of electrocution; a +0 scale mail; the human corpse of Terence
i - a +4 short sword of electrocution;
o - a +0 scale mail You start removing your armour.
You continue taking off your +0 leather armour. x4
You finish taking off your +0 leather armour.
You start putting on your armour.
You continue putting on your +0 scale mail. x5
You finish putting on your +0 scale mail.
You drop a +0 leather armour.
Found 6 javelins.
b - a curare-tipped dart
Found a hand axe.
Sigmund the Dreaded comes into view.
He is wielding a +3 scythe of distortion.
Sigmund shouts!
Sigmund laughs darkly.
Throw: dart (curare)
Press: ? - help, Shift-Dir - straight line, f - Sigmund
Aim: Sigmund, wielding a +3 scythe of distortion and wearing a +0 robe (52% to hit)
You throw a curare-tipped dart.
The curare-tipped dart barely misses Sigmund.
Found a stone staircase leading down.
You see here 2 curare-tipped darts.
b - 2 curare-tipped darts Throw: 2 darts (curare)
Press: ? - help, Shift-Dir - straight line, f/p - Sigmund
Aim: Sigmund, wielding a +3 scythe of distortion and wearing a +0 robe (52% to hit)
You throw a curare-tipped dart. The curare-tipped dart hits Sigmund.
Sigmund is poisoned.
Sigmund convulses.
Sigmund seems to slow down.
Sigmund is lightly wounded.
Sigmund hits you from afar with a +3 scythe of distortion!
Space warps horribly around you!
* * * LOW HITPOINT WARNING * * *
Sigmund points at you and mumbles some strange words.
The puff of flame hits you!
You die...
Sigmund begins carving another notch in his scythe.

## #. .. . .. .## # #.#. ..
#(# .#.###.# .. .( .. ...
.#+#+# ##.# ..##.#. #.#
.#.#.. ...#
#....(@##.###...... ....
...........@....# #..##
................# #...
#.##......##....# #..#
.......#.......# #..#
........+.......# #<.#
>###)#.##.......######..##
...........[...........##.
###.#.##......#.#####......
#.#. #......# #..........


You could see Sigmund (very poisoned, slow).

Vanquished Creatures
  Terence (D:2)
  4 bats (D:1)
  4 endoplasms
  3 giant cockroaches (D:1)
  2 goblins
  2 hobgoblins (D:1)
  2 quokkas (D:1)
  2 ball pythons (D:1)
  3 frilled lizards
  2 kobolds (D:1)
  2 rats
27 creatures vanquished.

Notes
Turn   | Place    | Note
-------+----------+-------------------------------------------
     0 | D:1      | IdlyInterested the Demonspawn Gladiator began the quest for
                  | the Orb.
     0 | D:1      | Reached XP level 1. HP: 16/16 MP: 1/1
   121 | D:1      | Reached skill level 1 in Armour
   136 | D:1      | Gained mutation: Your touch may inflict minor irresistible
                  | damage on your foes. [demonic ancestry]
   136 | D:1      | Reached XP level 2. HP: 16/22 MP: 2/2
   195 | D:1      | Reached skill level 3 in Axes
   328 | D:1      | Reached skill level 1 in Stealth
   911 | D:2      | Reached skill level 1 in Unarmed Combat
   911 | D:2      | Reached XP level 3. HP: 21/27 MP: 3/3
  1042 | D:2      | Noticed Terence
  1050 | D:2      | Killed Terence
  1170 | D:2      | Noticed Sigmund
  1178 | D:2      | Killed from afar by Sigmund

Illustrated notes

Levels and vault maps discovered:
D:1:      elethiomel_arrival_infinity_welcomes_careful_drivers, layout_basic,
          minmay_misc_feat_iff
D:2:      layout_basic, basic_altar, ebering_ecumenical_altar_ruins,
          uniq_terence, uniq_sigmund

Skill      XL: |  1  2 |
---------------+-------+-----
Armour         | 1 |  1.0
Axes           | 3 |  3.3
Stealth        | 1 |  1.0
Unarmed Combat | 1 |  1.7
Fighting       | |  2.0
Throwing       | |  1.7
Dodging        | |  2.6

Action                     || total
---------------------------++-------
  Melee: War axe           ||    46
         Touch             ||     7
  Throw: Dart              ||     5
         Stone             ||     1
   Stab: Sleeping          ||     2
 Armour: Leather armour    ||    14
  Dodge: Dodged            ||    36

Table legend: (Time is in decaauts)
 A = Elapsed time spent in this place.
 B = Non-inter-level travel time spent in this place.
 C = Inter-level travel time spent in this place.
 D = Time resting spent in this place.
 E = Time spent auto-exploring this place.
 F = Levels seen in this place.
 G = Mean time per level.
                   A        B        C        D        E       F      G
               +--------+--------+--------+--------+--------+-----+--------+
         Total |   1194 |   1058 |    136 |    100 |    710 |   2 |  597.0 |
       Dungeon |   1194 |   1058 |    136 |    100 |    710 |   2 |  597.0 |
               +--------+--------+--------+--------+--------+-----+--------+

Top non-repeatable levels by time:
     D:1: 1016 daAuts
     D:2: 177 daAuts
